 Dungeon Crawl Stone Soup version 0.19-a0-607-g42021f0 (webtiles) character file.

100 st0uf the Shield-Bearer (level 5, 0/42 HPs)
             Began as a Formicid Fighter on June 12, 2016.
             Slain by an orc priest (4 damage)
             ... on level 2 of the Dungeon.
             The game lasted 00:08:21 (1908 turns).

st0uf the Shield-Bearer (Formicid Fighter)          Turns: 1908, Time: 00:08:25

Health: 0/42       AC:  7    Str: 21    XL:     5   Next: 3%
Magic:  5/5        EV:  8    Int:  7    God:
Gold:   113        SH:  9    Dex: 11    Spells: 0 memorised, 4 levels left

rFire  . . .     SeeInvis +     a - +0 war axe
rCold  . . .     Gourm    .     b - +0 scale mail
rNeg   . . .     Faith    .     c - +0 shield
rPois  .         Spirit   .     (helmet unavailable)
rElec  .         Dismiss  .     (no cloak)
rCorr  .         Reflect  .     (no gloves)
SustAt .         Harm     .     (no boots)
MR     .....                    (no amulet)
Stlth  ..........               (no ring)
                                (no ring)

@: lethally poisoned (0 -> -14), flying, not resistant to hostile enchantments,
extremely unstealthy
A: permanent stasis, dig shafts and tunnels, four strong arms, antennae 3
a: Dig, Shaft Self


You were on level 2 of the Dungeon.
You were not hungry.

You visited 1 branch of the dungeon, and saw 2 of its levels.

You collected 113 gold pieces.

Inventory:

Hand Weapons
 a - a +0 war axe (weapon)
Armour
 b - a +0 scale mail (worn)
 c - a +0 shield (worn)
Scrolls
 e - a scroll of recharging {unknown}
 g - 3 scrolls of remove curse {unknown}
 i - a scroll of enchant armour {unknown}
 k - a scroll of fear {unknown}
 m - 3 scrolls of teleportation {unknown}
 o - a scroll of amnesia {unknown}
Potions
 d - 2 potions of might
 j - a potion of curing {unknown}
 n - a potion of flight
Comestibles
 f - 2 bread rations
 h - a slice of pizza
 p - a meat ration


   Skills:
 + Level 3.7 Fighting
 * Level 3.0 Axes
 + Level 3.9 Armour
 + Level 1.1 Dodging
 + Level 4.4 Shields


You had 4 spell levels left.
You didn't know any spells.

Dungeon Overview and Level Annotations

Branches:
Dungeon (2/15)

Altars:


Innate Abilities, Weirdness & Mutations

You are under a permanent stasis effect.
You can dig through walls and to a lower floor.
Your four strong arms can wield two-handed weapons with a shield.
You have a pair of large antennae on your head. (SInv)


Message History

* * * LOW HITPOINT WARNING * * *
You feel sick. The orc priest completely misses you.
The orc wizard points at you and mumbles some strange words.
The puff of flame hits you!
* * * LOW HITPOINT WARNING * * *
You barely miss the orc wizard.
The orc wizard is heavily wounded.
You closely miss the orc priest.
The orc priest is almost dead.
* * * LOW HITPOINT WARNING * * *
You feel sick. The orc priest barely misses you.
You block the orc wizard's attack. You block the orc priest's attack.
It was a potion of flight.
You feel very buoyant.
You fly up into the air.
* * * LOW HITPOINT WARNING * * *
You feel sick.
The orc wizard hits you but does no damage.
The orc priest hits you.
You die...

#.#.# #.# ########### ####.#
#.# #.........# .....# #.#
#.#####.### ###### #.# #.# #.#
#.######.# #.# #........# #.#
#######..# #.# #o.#####.#
####.@##....###### ######
#....o##.#.........
.....#######........#.########
....................#.#
####................#.#
......>######'#.###.#.#
###...........#.# #.#.#
#.......#####.# #.#.#
#.......# #.# #.#.#


You could see an orc priest and an orc wizard (invisible).

Vanquished Creatures
  2 adders (D:2)
  5 worms (D:2)
  A dart slug (D:1)
  A giant gecko (D:2)
  3 orcs (D:2)
  13 bats
  13 goblins
  6 hobgoblins
  3 jackals (D:2)
  4 kobolds (D:1)
  A ball python (D:1)
  4 giant newts
  3 rats
59 creatures vanquished.

Notes
Turn   | Place    | Note
--------------------------------------------------------------
     0 | D:1      | st0uf the Formicid Fighter began the quest for the Orb.
     0 | D:1      | Reached XP level 1. HP: 18/18 MP: 1/1
   172 | D:1      | Reached XP level 2. HP: 23/24 MP: 2/2
   526 | D:1      | Reached XP level 3. HP: 29/29 MP: 3/3
   643 | D:1      | Reached skill level 4 in Shields
   975 | D:2      | Reached XP level 4. HP: 28/36 MP: 4/4
  1014 | D:2      | Reached skill level 1 in Dodging
  1899 | D:2      | Reached XP level 5. HP: 41/42 MP: 5/5
  1908 | D:2      | Slain by an orc priest

Vault maps used:
D:1:      lightli_arrival_statue_moat
D:2:      kennysheep_goblin_castle, roderic_lattice_a

Skill      XL: |  1  2  3  4 |
---------------+-------------+-----
Shields        | 4 |  4.4
Dodging        | 1 |  1.1
Axes           | 3 |  3.0
Fighting       | |  3.7
Armour         | |  3.9

Action                   |  1- 3 |  4- 6 || total
-------------------------+-------+-------++-------
Melee: War axe           |   109 |   114 ||   223
 Abil: Dig               |     2 |     1 ||     3
  Use: Potion            |       |     1 ||     1
  Eat: Chunk             |     1 |     3 ||     4
Armor: Scale mail        |    50 |    51 ||   101
Dodge: Dodged            |    45 |    39 ||    84
Block: Shield            |    75 |    75 ||   150
